 Dungeon Crawl Stone Soup version 0.29-a0-72-g1732ff48e7 (webtiles) character file.

Game seed: 1637713321041748858

7371 gruber the Fighter (level 10, -8/86 HPs)
             Began as a Demonspawn Ice Elementalist on Feb 3, 2022.
             Was a High Priest of Makhleb.
             Killed by divine providence
             ... invoked by a sphinx
              (11 damage)
             ... on level 9 of the Dungeon.
             The game lasted 00:19:28 (13404 turns).

gruber the Fighter (Demonspawn Ice Elementalist)   Turns: 13404, Time: 00:19:28

Health: -8/86      AC:  9    Str: 10    XL:     10   Next: 91%
Magic:  10/13      EV: 16    Int: 20    God:    Makhleb [*****.]
Gold:   744        SH:  0    Dex: 19    Spells: 9/13 levels left

rFire   + . .      SeeInvis .   D - +5 scimitar
rCold   + . .      Faith    .   (no shield)
rNeg    . . .      Spirit   .   l - +2 leather armour {rC+}
rPois   .          Reflect  .   (no helmet)
rElec   .          Harm     .   (no cloak)
rCorr   .          Rampage  .   i - +0 pair of gloves
Will    .....                   C - +0 pair of boots
Stlth   ++........              (no amulet)
HPRegen 0.24/turn               g - ring of protection from fire
MPRegen 0.13/turn               H - +6 ring of dexterity

@: afraid, freezing walls
A: spiny 1, sharp scales 2, demonic magic 1, weakness stinger 2
a: Renounce Religion, Minor Destruction, Lesser Servant of Makhleb, Major
Destruction, Greater Servant of Makhleb


You were on level 9 of the Dungeon.
You worshipped Makhleb.
Makhleb was extremely pleased with you.
You visited 2 branches of the dungeon, and saw 10 of its levels.

You collected 744 gold pieces.

Inventory:

Hand Weapons
 n - the +3 hunting sling "Neeje Mai" {venom, Dex+2}
   (You found it on level 4 of the Dungeon)

   Any ammunition fired from it poisons the flesh of those it strikes.
   Dex:       It affects your dexterity (+2).
 D - a +5 scimitar (weapon)
Missiles
 m - 5 javelins
 o - 137 stones
 u - 5 throwing nets
 G - 2 curare-tipped darts
Armour
 i - a +0 pair of gloves (worn)
 l - a +2 leather armour of cold resistance (worn)
 q - the +6 chain mail of the Cockroach {rPois Int+4 Stlth-}
   (You found it on level 4 of the Dungeon)

   Int:       It affects your intelligence (+4).
   rPois:     It protects you from poison.
   Stlth:     It makes you less stealthy.
 C - a +0 pair of boots (worn)
Jewellery
 g - a ring of protection from fire (left hand)
 E - a +6 ring of strength
 H - a +6 ring of dexterity (right hand)
Wands
 k - a wand of acid (4)
 s - a wand of polymorph (18)
 v - a wand of flame (28)
 y - a wand of mindburst (16)
Scrolls
 b - 2 scrolls of enchant weapon {unknown}
 d - a scroll of amnesia {unknown}
 f - 11 scrolls of teleportation {unknown}
 j - 6 scrolls of identify {unknown}
 p - 4 scrolls of blinking {unknown}
 r - a scroll of acquirement {unknown}
 t - a scroll of noise {unknown}
 w - 2 scrolls of immolation {unknown}
 F - 2 scrolls of silence {unknown}
 I - a scroll of fog {unknown}
 J - a scroll of torment {unknown}
Potions
 a - 6 potions of lignification {unknown}
 c - a potion of resistance {unknown}
 e - a potion of curing {unknown}
 h - 2 potions of brilliance {unknown}
 x - 2 potions of mutation {unknown}
 z - a potion of ambrosia {unknown}
 A - a potion of magic {unknown}
 B - 2 potions of flight {unknown}
 K - 2 potions of haste {unknown}


   Skills:
 - Level 10.8 Fighting
 - Level 7.1 Long Blades
 - Level 0.3 Polearms
 - Level 0.6 Slings
 * Level 3.1 Armour
 - Level 7.3 Dodging
 - Level 1.7 Stealth
 - Level 2.0 Spellcasting
 - Level 5.1 Ice Magic
 - Level 4.3 Invocations


You had 9 spell levels left.
You knew the following spells:

 Your Spells              Type           Power      Damage    Failure   Level
a - Freeze                Ice            88%        1d10      2%          1
b - Frozen Ramparts       Ice            44%        1d6       8%          3

Your spell library contained the following spells:

 Spells                   Type           Power      Damage    Failure   Level
 Ozocubu's Armour         Ice            22%        N/A       8%          3
 Sting                    Tmut/Pois      8%         1d3       21%         1
 Corpse Rot               Necr/Air       4%         N/A       30%         2
 Poisonous Vapours        Pois/Air       4%         N/A       30%         2
 Hailstorm                Conj/Ice       12%        3d5       56%         4
 Summon Ice Beast         Ice/Summ       12%        N/A       56%         4
 Olgreb's Toxic Radiance  Pois           2%         N/A       90%         4
 Summon Mana Viper        Hex/Summ       2%         N/A       99%         5
 Monstrous Menagerie      Summ           1%         N/A       100%        7


Dungeon Overview and Level Annotations

Branches:
Dungeon (9/15)             Temple (1/1) D:4            Lair (0/6) D:8
    Orc (0/2) D:9

Altars:
Ashenzari
Cheibriados
Dithmenos
Elyvilon
Fedhas
Gozag
Hepliaklqana
Kikubaaqudgha
Makhleb
Nemelex Xobeh
Okawaru
Qazlal
Ru
Sif Muna
Trog
Uskayaw
Vehumet
Wu Jian
Xom
Yredelemnul
Zin
The Shining One
Beogh


Innate Abilities, Weirdness & Mutations

You are partially covered in sharp spines.
You are mostly covered in razor-sharp scales. (AC +2, Slay +2)
Spells you cast may paralyse adjacent enemies.
You have a tail ending in a sharp stinger.


Message History

The wall freezes the glowing orange brain.
The wall freezes the sphinx.
The sphinx hits you! The sphinx hits you but does no damage.
The sphinx hits you.
The wall freezes the sphinx.
The sphinx mumbles some strange words.
You suddenly lose the ability to move!
The wall freezes the glowing orange brain.
The glowing orange brain pulsates.
The wall freezes the sphinx.
The sphinx hits you but does no damage. The sphinx hits you!
The sphinx hits you but does no damage.
The wall freezes the glowing orange brain.
The wall freezes the centaur.
The centaur hits you. The centaur barely misses you.
The wall freezes the sphinx.
The sphinx hits you! The sphinx hits you but does no damage.
The sphinx hits you.
* * * LOW HITPOINT WARNING * * *
You can move again.
Unknown command.
Unknown command.
You slash the sphinx!
The sphinx is heavily wounded.
The wall freezes the centaur.
The centaur misses you.
The centaur kicks you but does no damage.
The wall freezes the glowing orange brain.
The wall freezes the sphinx.
The sphinx hits you!
* * * LOW HITPOINT WARNING * * *
The sphinx hits you.
* * * LOW HITPOINT WARNING * * *
The sphinx hits you but does no damage.
The wall freezes the steam dragon.
The wall freezes the centaur.
The centaur hits you.
* * * LOW HITPOINT WARNING * * *
The centaur closely misses you.
You barely miss the sphinx. You punch the sphinx, but do no damage.
The sphinx is severely wounded.
The wall freezes the glowing orange brain!
The wall freezes the centaur.
The centaur barely misses you. x2
The wall freezes the sphinx but does no damage.
The sphinx mumbles some strange words.
Something smites you!
You die...

##.............#
#..##########..#
#..#..#..#..'..#
#..#..'..'..#..#
#..##'#######..# #..#..#
+..#..######## #..#..#
#GD#.........#
######..##†####H##.........#
#.......#..'8.[@c#.........#
#.......#..#.8#..#.........#
#.<.....##########.........#
#...........)))))..........#
#..........#.######........#
##.###.#.#.).#####.........#
##.###...#))###............#
#........#)..##.##.........#
#.##########.##.##.#########


You could see a sphinx, a glowing orange brain (scary), a steam dragon
(summoned) and a centaur (summoned).

Vanquished Creatures
  A two-headed ogre (D:8)
  Pikel (D:6)
  An ugly thing (D:9)
  A black mamba (shapeshifter) (D:9)
  2 trolls
  Prince Ribbit (D:5)
  A slime creature (D:9)
  4 steam dragons
  A vampire mosquito (D:8)
  3 orc warriors (D:9)
  A sky beast (D:6)
  A necrophage (D:7)
  4 ogres
  2 wolves (D:8)
  2 centaurs (D:9)
  2 lemures (D:6)
  A phantom (D:5)
  3 kobold brigands
  Blork the orc (D:4)
  3 bullfrogs
  A gnoll sergeant (D:8)
  2 scorpions
  2 water moccasin zombies (D:5)
  A water moccasin skeleton (D:5)
  3 killer bees (D:7)
  4 wights (D:6)
  3 electric eels (D:8)
  4 howler monkeys (D:4)
  2 centaur zombies
  A lava snake (D:8)
  A bullfrog zombie (D:4)
  2 bullfrog skeletons
  A centaur skeleton (D:6)
  7 hounds
  3 orc priests
  2 iguanas
  A scorpion zombie (D:5)
  6 orc wizards
  Ijyb (D:3)
  Natasha (thrice) (D:2)
  A killer bee zombie (D:6)
  A hound skeleton (D:4)
  38 gnolls
  A howler monkey zombie (D:5)
  10 adders
  A shadow imp (D:7)
  A white imp (D:6)
  3 ufetubi (D:6)
  3 worms
  3 dart slugs
  78 orcs
  6 endoplasms
  A giant cockroach (D:1)
  12 goblins
  5 hobgoblins
  15 jackals
  16 kobolds
  5 quokkas
  7 ball pythons
  5 bats
  3 frilled lizards
  4 rats
305 creatures vanquished.

Vanquished Creatures (others)
  3 fungi (D:7)
  2 plants (D:4)
5 creatures vanquished.

Grand Total: 310 creatures vanquished

Notes
Turn   | Place    | Note
-------+----------+-------------------------------------------
     0 | D:1      | gruber the Demonspawn Ice Elementalist began the quest for
                  | the Orb.
     0 | D:1      | Reached XP level 1. HP: 13/13 MP: 3/3
    15 | D:1      | Found a faded altar of an unknown god.
   285 | D:1      | Gained mutation: You are partially covered in razor-sharp
                  | scales. (AC +1, Slay +1) [demonic ancestry]
   285 | D:1      | Reached XP level 2. HP: 5/19 MP: 0/5
   878 | D:1      | Reached skill level 1 in Fighting
  1776 | D:2      | Gained mutation: You are mostly covered in razor-sharp
                  | scales. (AC +2, Slay +2) [demonic ancestry]
  1776 | D:2      | Reached XP level 3. HP: 25/27 MP: 6/6
  1783 | D:2      | Reached skill level 2 in Fighting
  1916 | D:2      | Learned a level 3 spell: Frozen Ramparts
  2057 | D:2      | Reached skill level 3 in Fighting
  2057 | D:2      | Gained mutation: You are partially covered in sharp spines.
                  | [demonic ancestry]
  2057 | D:2      | Reached XP level 4. HP: 17/35 MP: 3/7
  2745 | D:2      | Reached skill level 4 in Fighting
  2813 | D:2      | Noticed Natasha
  2815 | D:2      | Killed Natasha
  2816 | D:2      | Reached XP level 5. HP: 42/42 MP: 4/8
  3172 | D:2      | Noticed Natasha
  3177 | D:2      | Killed Natasha
  3245 | D:2      | Reached skill level 5 in Fighting
  3321 | D:2      | Noticed Natasha
  3331 | D:2      | Killed Natasha
  3615 | D:3      | Noticed Ijyb
  3634 | D:3      | Killed Ijyb
  3635 | D:3      | Gained mutation: You have a small tail. [demonic ancestry]
  3635 | D:3      | Reached XP level 6. HP: 22/51 MP: 1/9
  4198 | D:4      | Noticed Blork the orc
  4207 | D:4      | Killed Blork the orc
  4208 | D:4      | Reached skill level 6 in Fighting
  4289 | D:4      | Found a staircase to the Ecumenical Temple.
  4337 | D:4      | Reached skill level 1 in Armour
  4357 | Temple   | Entered the Ecumenical Temple
  4597 | Temple   | Became a worshipper of Makhleb the Destroyer
  4709 | D:4      | Identified the +3 hunting sling "Neeje Mai" {venom, Dex+2}
  5322 | D:4      | Gained mutation: You have a tail ending in a sharp stinger.
                  | [demonic ancestry]
  5322 | D:4      | Reached XP level 7. HP: 58/58 MP: 6/10
  5494 | D:4      | Found a bloodstained altar of Trog.
  5577 | D:4      | Reached * piety under Makhleb
  6044 | D:4      | Reached skill level 1 in Invocations
  6350 | D:4      | Reached XP level 8. HP: 62/64 MP: 11/11
  6446 | D:4      | Reached ** piety under Makhleb
  6666 | D:5      | Entered Level 5 of the Dungeon
  6673 | D:5      | Reached skill level 5 in Ice Magic
  7042 | D:5      | Noticed Prince Ribbit
  7057 | D:5      | Killed Prince Ribbit
  7058 | D:5      | Reached skill level 7 in Fighting
  7320 | D:5      | Reached skill level 8 in Fighting
  7766 | D:6      | Reached skill level 9 in Fighting
  7766 | D:6      | Gained mutation: Spells you cast may paralyse adjacent
                  | enemies. [demonic ancestry]
  7766 | D:6      | Reached XP level 9. HP: 75/76 MP: 8/12
  8144 | D:6      | Noticed Pikel
  8155 | D:6      | Killed Pikel
  8156 | D:6      | Reached skill level 10 in Fighting
  8896 | D:7      | Reached skill level 1 in Long Blades
  8950 | D:7      | Reached *** piety under Makhleb
 10546 | D:8      | Reached skill level 5 in Long Blades
 10746 | D:8      | Noticed a troll
 10857 | D:8      | Killed a troll
 10858 | D:8      | Reached XP level 10. HP: 73/86 MP: 9/13
 10977 | D:8      | Found a staircase to the Lair.
 11158 | D:8      | Noticed a two-headed ogre
 11184 | D:8      | Killed a two-headed ogre
 11637 | D:4      | Identified the +6 chain mail of the Cockroach {rPois Int+4
                  | Stlth-}
 11901 | D:8      | Reached **** piety under Makhleb
 12561 | D:9      | Found a staircase to the Orcish Mines.
 12634 | D:9      | Reached skill level 5 in Dodging
 12740 | D:9      | Reached ***** piety under Makhleb
 12975 | D:9      | Found a runed translucent door.
 12980 | D:9      | Noticed a cyan ugly thing
 12993 | D:9      | Killed a purple ugly thing
 13341 | D:9      | Noticed a black mamba
 13341 | D:9      | a polar bear changed into a black mamba
 13346 | D:9      | Killed a black mamba
 13397 | D:9      | Noticed a glowing orange brain
 13397 | D:9      | Noticed a sphinx
 13400 | D:9      | Paralysed by a sphinx for 3 turns
 13403 | D:9      | HP: 3/86 [centaur[a glowing orange brain] (2)]
 13404 | D:9      | Killed from afar by a sphinx

Illustrated notes

Levels and vault maps discovered:
D:1:      roderic_chinese_lattice_arrival, layout_basic,
          shapermc_ecumenical_altar_gd
D:2:      minmay_razor_zed, layout_rooms, minmay_3d_cube, uniq_natasha
D:3:      layout_basic, uniq_ijyb
D:4:      lemuel_castle_with_subvaults [lemuel_castle_interior_carwin_2],
          layout_basic, trog_book, temple_pool_b, uniq_blork_the_orc
D:5:      layout_loops_ring, uniq_prince_ribbit1
D:6:      layout_loops_ring, minmay_crossroads, uniq_pikel
D:7:      kennysheep_steamy, layout_layer_cave, minmay_hedge_maze
D:8:      layout_loops_ring, erik_lair_island, special_room [special_room_orc],
          chequers_serial_rivers_large_a, kennysheep_donut,
          kennysheep_generic_room_7
D:9:      layout_rooms, hiddenorc2_lemuel, minivault_13
Temple:   mainiacjoe_temple_hex_bubbles

Skill      XL: |  1  2  3  4  5  6  7  8  9 10 |
---------------+-------------------------------+-----
Ice Magic      | 4 5 |  5.1
Fighting       | 1 3 4 5 6 9 10 | 10.8
Armour         | 2 3 |  3.1
Dodging        | 3 7 |  7.3
Invocations    | 4 |  4.3
Long Blades    | 5 7 |  7.1
Polearms       | |  0.3
Slings         | |  0.6
Stealth        | |  1.7
Spellcasting   | |  2.0

Action                   |  1- 3 |  4- 6 |  7- 9 | 10-12 || total
-------------------------+-------+-------+-------+-------++-------
Melee: Short sword       |    67 |    19 |       |       ||    86
       Punch             |     1 |     1 |     1 |     3 ||     6
       Trident           |       |    77 |       |       ||    77
       Tailslap          |       |     5 |    40 |     9 ||    54
       Dagger            |       |     4 |    34 |       ||    38
       Whip              |       |       |   143 |       ||   143
       Scimitar          |       |       |    38 |    79 ||   117
 Fire: Hunting sling     |       |    28 |    24 |    94 ||   146
 Cast: Freeze            |    13 |     7 |       |       ||    20
       Frozen Ramparts   |     2 |    16 |    35 |    16 ||    69
 Stab: Sleeping          |     4 |       |     2 |       ||     6
       Paralysed         |       |       |     4 |     2 ||     6
Armor: Robe              |    20 |    18 |       |       ||    38
       Leather armour    |       |    10 |    74 |    36 ||   120
Dodge: Dodged            |    55 |    47 |   144 |    64 ||   310

Table legend: (Time is in decaauts)
 A = Elapsed time spent in this place.
 B = Non-inter-level travel time spent in this place.
 C = Inter-level travel time spent in this place.
 D = Time resting spent in this place.
 E = Time spent auto-exploring this place.
 F = Levels seen in this place.
 G = Mean time per level.
                   A        B        C        D        E       F      G
               +--------+--------+--------+--------+--------+-----+--------+
         Total |  13533 |  12704 |    829 |    182 |  10535 |  10 | 1353.3 |
       Dungeon |  13275 |  12476 |    799 |    182 |  10309 |   9 | 1475.0 |
        Temple |    257 |    228 |     29 |      0 |    226 |   1 |  257.0 |
               +--------+--------+--------+--------+--------+-----+--------+

Top non-repeatable levels by time:
     D:4: 2080 daAuts
     D:2: 1910 daAuts
     D:1: 1821 daAuts
     D:7: 1655 daAuts
     D:8: 1589 daAuts
     D:6: 1324 daAuts
     D:5: 1163 daAuts
     D:9: 991 daAuts
     D:3: 739 daAuts
  Temple: 257 daAuts
